 Dungeon Crawl Stone Soup version 0.28-a0-909-g796cbd3a86 (webtiles) character file.

Game seed: 3711638302973415540

92 croobank the Insei (level 4, 0/28 HPs)
             Began as an Octopode Transmuter on Nov 24, 2021.
             Succumbed to Sigmund's poison
             ... on level 3 of the Dungeon.
             The game lasted 00:15:57 (3020 turns).

croobank the Insei (Octopode Transmuter)            Turns: 3020, Time: 00:15:57

Health: 0/28       AC:  1    Str:  7 (10) XL:     4   Next: 60%
Magic:  7/7        EV: 13    Int: 14 (15) God:
Gold:   63         SH:  0    Dex: 10 (12) Spells: 4/8 levels left

rFire   + . .      SeeInvis .   a - +1 trident
rCold   + . .      Faith    .   (no shield)
rNeg    . . .      Spirit   .   (helmet restricted)
rPois   +          Reflect  .   (no amulet)
rElec   +          Harm     .   (no ring)
rCorr   +          Rampage  .   (no ring)
Will    .....                   (no ring)
Stlth   ++........              (no ring)
HPRegen 0.09/turn               (no ring)
MPRegen 0.10/turn               (no ring)
                                (no ring)
                                (no ring)

@: mighty, lethally poisoned (0 -> -1), resistant, attractive
A: almost no armour, amphibious, 8 rings, camouflage 1, gelatinous body 1,
(nimble swimmer 1), tentacles
a: no special abilities


You were on level 3 of the Dungeon.
You visited 1 branch of the dungeon, and saw 3 of its levels.

You collected 63 gold pieces.

Inventory:

Hand Weapons
 a - a +1 trident (weapon)
 b - a +0 fustibalus
 h - a +0 short sword
 j - a +0 dagger
 q - a +1 spear of freezing
Missiles
 c - 81 stones
 d - 23 sling bullets
 e - 12 poisoned darts
 m - a javelin (quivered)
 p - 2 silver javelins
Magical Staves
 o - a staff of air
Scrolls
 r - a scroll of enchant armour {unknown}
 s - 2 scrolls of magic mapping


   Skills:
 + Level 1.2 Fighting
 * Level 1.5 Polearms
 + Level 0.4 Slings
 + Level 0.2(0.3) Throwing
 + Level 2.5 Dodging
 + Level 1.1 Stealth
 + Level 3.3 Unarmed Combat
 + Level 2.6 Spellcasting
 + Level 2.5 Transmutations
 * Level 0.1 Earth Magic


You had 4 spell levels left.
You knew the following spells:

 Your Spells              Type           Power      Damage    Failure   Level
a - Beastly Appendage     Tmut           16%        N/A       8%          1
b - Wereblood             Tmut           8%         N/A       12%         2
c - Sandblast             Erth           4%         2d4       22%         1

Your spell library contained the following spells:

 Spells                   Type           Power      Damage    Failure   Level
 Passwall                 Tmut/Erth      4%         N/A       21%         2
 Spider Form              Tmut/Pois      5%         N/A       36%         3
 Stone Arrow              Conj/Erth      2%         3d7       54%         3
 Ice Form                 Ice/Tmut       5%         N/A       78%         4


Dungeon Overview and Level Annotations

Branches:
Dungeon (3/15)

Altars:

Annotations:
D:3 Sigmund


Innate Abilities, Weirdness & Mutations

You cannot wear most types of armour.
You are amphibious.
You can wear up to eight rings at the same time.
Your skin changes colour to match your surroundings (Stealth+).
Your rubbery body absorbs attacks. (AC +1, EV +1)
((You are camouflaged near water. (Stealth+)))
You have tentacles for arms and can constrict up to eight enemies at once.


Message History

You are lethally poisoned!
You feel very sick.
You feel very sick.
* * * LOW HITPOINT WARNING * * *
You feel sick. Something barely misses you. The dart slug closely misses you.
As you read the scroll of fear, it crumbles to dust.
You assume a fearsome visage.
The dart slug looks frightened!
* * * LOW HITPOINT WARNING * * *
You feel sick.
You catch the helpless dart slug completely off-guard!
You puncture the dart slug!
Your attack snaps the dart slug out of its fear.
You grab the dart slug.
The dart slug is almost dead.
Your tentacle spike disappears.
You constrict the dart slug.
You kill the dart slug!
* * * LOW HITPOINT WARNING * * *
You feel sick.
It was a potion of attraction.
You feel attractive to monsters.
* * * LOW HITPOINT WARNING * * *
You feel sick. Something is attracted toward you.
It was a potion of resistance.
You feel protected.
* * * LOW HITPOINT WARNING * * *
You feel sick. Something is attracted toward you.
It was a potion of might.
You feel very mighty all of a sudden.
* * * LOW HITPOINT WARNING * * *
You feel sick. Something is attracted toward you.
It was a potion of degeneration.
There was something very wrong with that liquid.
You feel weakened.
You feel dopey.
You feel clumsy.
* * * LOW HITPOINT WARNING * * *
You feel sick. Something is attracted toward you.
As you read the scroll labelled CUAMACS TAXIE, it crumbles to dust.
You hear a loud clanging noise!
It was a scroll of noise.
You die...

######.......[..#
....##..........#
....###'##.....########
....###.##.....##.....#
....'....+............#
....###.##.....##.....#
##### #.##.....##.....#
#######.##.....##.....#
.............>..@{§...#
...####................#
...# ####.....##(##/#.#
...# #.....##.# .#.#
...# #.....##(. .# #
...# ...........#
...###############..
.......)......<# ...
..†####.########


There were no monsters in sight!

Vanquished Creatures
  3 adders
  A dart slug (D:3)
  5 ball pythons
  5 bats
  9 endoplasms
  4 giant cockroaches
  5 goblins
  4 hobgoblins
  2 jackals (D:1)
  2 quokkas
  6 frilled lizards
  6 kobolds
  5 rats
57 creatures vanquished.

Vanquished Creatures (others)
  A fungus (D:2)
  A plant (D:2)
2 creatures vanquished.

Grand Total: 59 creatures vanquished

Notes
Turn   | Place    | Note
-------+----------+-------------------------------------------
     0 | D:1      | croobank the Octopode Transmuter began the quest for the
                  | Orb.
     0 | D:1      | Reached XP level 1. HP: 13/13 MP: 3/3
   227 | D:1      | Reached XP level 2. HP: 16/18 MP: 3/5
  1301 | D:2      | Reached XP level 3. HP: 15/23 MP: 6/6
  1761 | D:2      | Reached skill level 1 in Polearms
  2020 | D:2      | Reached XP level 4. HP: 28/28 MP: 7/7
  2078 | D:2      | Found a faded altar of an unknown god.
  2693 | D:3      | Learned a level 2 spell: Wereblood
  2695 | D:3      | Learned a level 1 spell: Sandblast
  2745 | D:3      | Reached skill level 1 in Stealth
  3001 | D:3      | Noticed Sigmund
  3019 | D:3      | HP: 1/28 [poisoned by Sigmund]
  3020 | D:3      | Succumbed to Sigmund's poison

Illustrated notes

Levels and vault maps discovered:
D:1:      minmay_arrival_diagonal_passages, layout_basic,
          corexii_hall_statues_u, minivault_25
D:2:      layout_basic, shapermc_ecumenical_altar_mp_urbaneastern
D:3:      layout_basic, nicolae_ru_path_of_blood, uniq_sigmund

Skill      XL: |  1  2  3  4 |
---------------+-------------+-----
Polearms       | 1 |  1.5
Stealth        | 1 |  1.1
Fighting       | |  1.2
Slings         | |  0.4
Throwing       | |  0.2
Dodging        | |  2.5
Unarmed Combat | |  3.3
Spellcasting   | |  2.6
Transmutations | |  2.5
Earth Magic    | |  0.1

Action                   |  1- 3 |  4- 6 || total
-------------------------+-------+-------++-------
Melee: Dagger            |    27 |       ||    27
       Constrict         |    12 |     7 ||    19
       Kick              |    11 |     4 ||    15
       Unarmed           |     3 |       ||     3
       Tentacles         |     9 |     4 ||    13
       Spear             |    55 |    39 ||    94
       Short sword       |     2 |       ||     2
       Punch             |     2 |       ||     2
       Trident           |       |     1 ||     1
 Fire: Fustibalus        |     2 |       ||     2
Throw: Javelin           |       |     4 ||     4
 Cast: Beastly Appendage |    19 |    11 ||    30
  Use: Scroll            |     2 |     5 ||     7
       Potion            |       |     4 ||     4
 Stab: Sleeping          |     3 |     3 ||     6
       Fleeing           |       |     1 ||     1
Armor: Skin              |    11 |     8 ||    19
Dodge: Dodged            |    54 |    23 ||    77

Table legend: (Time is in decaauts)
 A = Elapsed time spent in this place.
 B = Non-inter-level travel time spent in this place.
 C = Inter-level travel time spent in this place.
 D = Time resting spent in this place.
 E = Time spent auto-exploring this place.
 F = Levels seen in this place.
 G = Mean time per level.
                   A        B        C        D        E       F      G
               +--------+--------+--------+--------+--------+-----+--------+
         Total |   3025 |   2969 |     56 |    464 |   1917 |   3 | 1008.3 |
       Dungeon |   3025 |   2969 |     56 |    464 |   1917 |   3 | 1008.3 |
               +--------+--------+--------+--------+--------+-----+--------+

Top non-repeatable levels by time:
     D:2: 1565 daAuts
     D:1: 1065 daAuts
     D:3: 393 daAuts
